 Dungeon Crawl Stone Soup version 0.27-a0-909-g0721f309d1 (console) character file.

Game seed: 8460805897901641892

22 jejorda2 the Slasher (level 2, -1/24 HPs)
             Began as a Merfolk Berserker on Apr 8, 2021.
             Was a Follower of Trog.
             Slain by Sigmund
             ... wielding a +0 scythe
              (6 damage)
             ... on level 2 of the Dungeon.
             The game lasted 00:02:49 (691 turns).

jejorda2 the Slasher (Merfolk Berserker)             Turns: 691, Time: 00:02:50

Health: -1/24      AC:  5    Str: 17    XL:     2   Next: 91%
Magic:  2/2        EV: 11    Int:  6    God:    Trog [*.....]
Gold:   16         SH:  0    Dex: 13    Spells: 1/1 levels left

rFire    . . .     SeeInvis .   a - +0 falchion
rCold    . . .     Faith    .   (no shield)
rNeg     . . .     Spirit   .   e - +0 ring mail
rPois    .         Reflect  .   (no helmet)
rElec    .         Harm     .   (no cloak)
rCorr    .         Rampage  .   (no gloves)
Will     .....                  (no boots)
Stlth    +.........             (no amulet)
HPRegen  0.08/turn              (no ring)
MPRegen  0.08/turn              (no ring)

@: brilliant, on berserk cooldown, slowed, very slow
A: (nimble swimmer 2), mertail
a: Renounce Religion, Berserk


You were on level 2 of the Dungeon.
You worshipped Trog.
Trog was aware of your devotion.
You visited 1 branch of the dungeon, and saw 2 of its levels.

You collected 16 gold pieces.

Inventory:

Hand Weapons
 a - a +0 falchion (weapon)
Armour
 e - a +0 ring mail (worn)
Scrolls
 g - a scroll of enchant armour


   Skills:
 + Level 3.5 Fighting
 * Level 3.8 Long Blades
 + Level 1.6 Armour
 + Level 3.1 Dodging


You had one spell level left.
You didn't know any spells.
Your spell library was empty.

Dungeon Overview and Level Annotations

Branches:
Dungeon (2/15)

Altars:
Elyvilon

Annotations:
D:2 Sigmund


Innate Abilities, Weirdness & Mutations

((You are quick and stealthy near water. (Stealth+, EV+, Speed+++)))
Your lower body shifts to a powerful aquatic tail in water.


Message History

Okay, then.
Unknown command.
Something hits you but does no damage.
A magic dart appears from out of thin air!
The magic dart hits you!
A hobgoblin comes into view.
Something hits you but does no damage.
Your transformation is almost over.
Something hits you but does no damage.
A magic dart appears from out of thin air!
The magic dart hits you but does no damage.
Something hits you but does no damage. Something completely misses you.
Something hits you. Something hits you.
You hear some strange, mumbled words.
Something tries to affect you, but you resist.
Something hits you but does no damage.
A magic dart appears from out of thin air!
The magic dart hits you.
A red film seems to cover your vision as you go berserk!
You feel yourself moving faster!
You feel mighty! Something hits you but does no damage.
You swing at nothing.
You feel a strong urge to attack something.
Something hits you.
You swing at nothing.
You feel less wooden.
Your +0 ring mail unmelds from your body.
You feel your anger nearly subside. Something hits you.
You miss something. Something hits you but does no damage.
You hit something. You hit something. Something hits you.
* * * LOW HITPOINT WARNING * * *
You slash something!
You are no longer berserk.
You are exhausted.
You feel yourself slow down. Something hits you.
You die...

#<........#,,,,,,,,,,
#.........##****,****
#..........## *,*
#...........# *,*
#...........#***,**
##..[...[....,,,,,*
#..._)†..(#**,,*,,***
#.........# *,,,,,,,,
#...@..$..# *,,,,,,,,
#...{.....# ***,,,,,,
#.......<.# **,,,,,,,
***##.......##**,,,,,,,,
**,,,#......##,,,,*,,,,,,
**,,,...######*,*****,,,,,
*,,,....* **,* *,****
*,,,....******,,* *,*
*,,,,,,,**,,,,,** *,*


There were no monsters in sight!

Vanquished Creatures
  A dart slug (D:2)
  2 bats (D:1)
  2 giant cockroaches (D:1)
  A goblin (D:1)
  2 hobgoblins (D:1)
  A quokka (D:1)
  A ball python (D:1)
  2 frilled lizards (D:1)
  5 kobolds
  2 rats (D:1)
19 creatures vanquished.

Notes
Turn   | Place    | Note
-------+----------+-------------------------------------------
     0 | D:1      | jejorda2 the Merfolk Berserker began the quest for the Orb.
     0 | D:1      | Reached XP level 1. HP: 18/18 MP: 1/1
   235 | D:1      | Reached XP level 2. HP: 24/24 MP: 2/2
   648 | D:2      | Found a white marble altar of Elyvilon.
   649 | D:2      | Noticed Sigmund
   691 | D:2      | Slain by Sigmund

Illustrated notes

Levels and vault maps discovered:
D:1:      sevenhm_arrival_forest_fort_small_4, layout_rooms,
          chequers_hall_statues_wall_a
D:2:      layout_rooms, basic_altar, uniq_sigmund

Skill      XL: |  1  2 |
---------------+-------+-----
Dodging        | 3 |  3.1
Fighting       | |  3.5
Long Blades    | |  3.8
Armour         | |  1.6

Action                   || total
-------------------------++-------
Melee: Falchion          ||    59
Invok: Berserk           ||     1
  Use: Scroll            ||     2
       Potion            ||     2
 Stab: Sleeping          ||     1
Armor: Leather armour    ||    16
       Skin              ||    22
       Ring mail         ||     3
Dodge: Dodged            ||    44
       Rpst.: Falchion   ||     3

Table legend: (Time is in decaauts)
 A = Elapsed time spent in this place.
 B = Non-inter-level travel time spent in this place.
 C = Inter-level travel time spent in this place.
 D = Time resting spent in this place.
 E = Time spent auto-exploring this place.
 F = Levels seen in this place.
 G = Mean time per level.
                   A        B        C        D        E       F      G
               +--------+--------+--------+--------+--------+-----+--------+
         Total |    686 |    655 |     31 |      0 |    472 |   2 |  343.0 |
       Dungeon |    686 |    655 |     31 |      0 |    472 |   2 |  343.0 |
               +--------+--------+--------+--------+--------+-----+--------+

Top non-repeatable levels by time:
     D:1: 644 daAuts
     D:2: 42 daAuts
